 Dungeon Crawl Stone Soup version 0.26.0-16-gc1dbca0489 (webtiles) character file.

Game seed: 12436647817788080670

208 Qrupt the Ogre Mage (level 5, 0/53 HPs)
             Began as an Ogre Fire Elementalist on Jan 22, 2021.
             Slain by Terence
             ... wielding a +2 mace of protection
              (6 damage)
             ... on level 2 of the Dungeon.
             The game lasted 00:05:22 (3063 turns).

Qrupt the Ogre Mage (Ogre Fire Elementalist)        Turns: 3063, Time: 00:05:23

Health: 0/53       AC:  3    Str: 12    XL:     5   Next: 86%
Magic:  1/10       EV: 10    Int: 17    God:
Gold:   122        SH:  0    Dex:  9    Spells: 10/11 levels left

rFire    . . .     SeeInvis .   k - +0 club
rCold    . . .     Faith    .   (no shield)
rNeg     . . .     Spirit   .   a - +0 robe
rPois    .         Reflect  .   (helmet restricted)
rElec    .         Harm     .   (no cloak)
rCorr    .         Rampage  .   (gloves unavailable)
Will     .....                  (boots unavailable)
Stlth    +.........             (no amulet)
HPRegen  0.17/turn              (no ring)
MPRegen  0.12/turn              (no ring)

@: mighty, attractive
A: large, unfitting armour, tough skin 1
a: no special abilities


You were on level 2 of the Dungeon.
You visited 1 branch of the dungeon, and saw 3 of its levels.

You collected 122 gold pieces.

Inventory:

Hand Weapons
 k - a +0 club (weapon)
Armour
 a - a +0 robe (worn)
Wands
 p - a wand of flame (18)
Scrolls
 b - 2 scrolls of remove curse {unknown}
 c - 2 scrolls of teleportation {unknown}
 d - 2 scrolls of enchant weapon {unknown}
 e - 3 scrolls of identify {unknown}
 f - 2 scrolls of magic mapping {unknown}
 g - 2 scrolls of amnesia {unknown}
 m - a scroll of immolation {unknown}
 n - a scroll of random uselessness {unknown}
Potions
 j - a potion of berserk rage {unknown}
 l - a potion of heal wounds
 r - a potion of lignification {unknown}


   Skills:
 + Level 3.3 Fighting
 - Level 1.7 Dodging
 - Level 1.4 Stealth
 + Level 3.9 Spellcasting
 + Level 2.5 Conjurations
 + Level 3.6 Fire Magic


You had 10 spell levels left.
You knew the following spells:

 Your Spells              Type           Power        Failure   Level
a - Foxfire               Conj/Fire      52%          4%          1

Your spell library contained the following spells:

 Spells                   Type           Power        Failure   Level
 Conjure Flame            Conj/Fire      13%          14%         3
 Inner Flame              Hex/Fire       9%           22%         3
 Sticky Flame             Conj/Fire      13%          41%         4
 Fireball                 Conj/Fire      6%           77%         5


Dungeon Overview and Level Annotations

Branches:
Dungeon (3/15)

Altars:

Annotations:
D:2 Terence


Innate Abilities, Weirdness & Mutations

You are too large for most types of armour.
You have tough skin. (AC +1)


Message History

The foxfire hits Terence.
Terence is heavily wounded.
The foxfire hits Terence.
Terence is severely wounded.
Terence hits you with a +2 mace of protection!
* * * LOW HITPOINT WARNING * * *
Terence screams, "I want your blood!"
It was a potion of attraction.
You feel attractive to monsters. Terence barely misses you.
It was a potion of might.
You feel very mighty all of a sudden.
You hit Terence but do no damage.
Terence is severely wounded.
Terence hits you with a +2 mace of protection!
* * * LOW HITPOINT WARNING * * *
You hit Terence but do no damage.
Terence is severely wounded.
Terence hits you with a +2 mace of protection.
You die...

#.#........# #.#........#
#.....#...## #....#>#..#
#.....#...# ######## #.........#
## ##......## ##.#.......# #.
.........# ######...######## #.
...#..#..#####.@@............# #.
#..####........####...######.###.
...####..####..# ##.## #.....
...#..#....(...# #.# #####.
..)..)....###.## #.# ##
##.##...#.# #.# ##'## ##
##.##..##.###.# ##...## #.
#####.........####....>## ###.
##.##..#................## ##.#.


You could see Terence.

Vanquished Creatures
  3 jellies (D:2)
  3 adders (D:2)
  7 oozes (D:2)
  A worm (D:2)
  A dart slug (D:1)
  3 leopard geckos
  6 bats
  2 giant cockroaches
  4 goblins
  3 hobgoblins
  5 jackals
  11 kobolds
  A frilled lizard (D:2)
  4 rats (D:2)
54 creatures vanquished.

Vanquished Creatures (others)
  201 foxfires
  2 fungi (D:2)
  8 toadstools (D:2)
211 creatures vanquished.

Grand Total: 265 creatures vanquished

Notes
Turn   | Place    | Note
-------+----------+-------------------------------------------
     0 | D:1      | Qrupt the Ogre Fire Elementalist began the quest for the
                  | Orb.
     0 | D:1      | Reached XP level 1. HP: 16/16 MP: 3/3
     6 | D:1      | Noticed a wyvern
     6 | D:1      | Noticed a hound
     6 | D:1      | Noticed an anaconda
     7 | D:1      | Noticed a black bear
     7 | D:1      | Noticed a swamp worm
    96 | D:1      | Reached skill level 1 in Conjurations
   424 | D:1      | Reached XP level 2. HP: 23/26 MP: 1/5
   465 | D:1      | Reached skill level 1 in Fighting
   849 | D:2      | Reached XP level 3. HP: 30/33 MP: 7/7
  1656 | D:2      | Reached XP level 4. HP: 42/42 MP: 4/8
  2233 | D:2      | Reached XP level 5. HP: 37/52 MP: 4/10
  2983 | D:3      | Noticed Terence
  3045 | D:2      | HP: 2/53 [Terence/+2 mace of protection (8)]
  3063 | D:2      | Slain by Terence

Illustrated notes

Levels and vault maps discovered:
D:1:      onia_arrival_zoo_common, layout_basic
D:2:      cheibrodos_fertilizer, layout_loops_corners, hangedman_decor_growths,
          st_stairs_14, kennysheep_generic_room_3
D:3:      layout_loops_corners, gammafunk_temple_overflow_pools,
          grunt_ministairs_15, minmay_pentangle, uniq_terence

Skill      XL: |  1  2  3  4  5 |
---------------+----------------+-----
Conjurations   | 1 2 |  2.5
Fighting       | 1 2 3 |  3.3
Fire Magic     | 3 |  3.6
Spellcasting   | 3 |  3.9
Dodging        | |  1.7
Stealth        | |  1.4

Action                   |  1- 3 |  4- 6 || total
-------------------------+-------+-------++-------
Melee: Unarmed           |    35 |       ||    35
       Club              |       |    31 ||    31
 Cast: Foxfire           |    47 |    65 ||   112
  Use: Potion            |       |     5 ||     5
Armor: Robe              |    23 |    17 ||    40
Dodge: Dodged            |    17 |    45 ||    62
